 Dungeon Crawl Stone Soup version 0.27.1-4-g1640c2035a (webtiles) character file.

Game seed: 825646483194901828

5 MisterFreud the Vexing (level 1, -1/13 HPs)
             Began as a Gnoll Wanderer on Nov 7, 2021.
             Slain by a jackal (3 damage)
             ... on level 1 of the Dungeon.
             The game lasted 00:01:13 (631 turns).

MisterFreud the Vexing (Gnoll Wanderer)              Turns: 631, Time: 00:01:13

Health: -1/13      AC:  2    Str: 16    XL:     1   Next: 80%
Magic:  2/6        EV: 11    Int: 13    God:
Gold:   12         SH:  0    Dex: 10    Spells: 8/9 levels left

rFire    . . .     SeeInvis .   a - +0 dagger
rCold    . . .     Faith    .   (no shield)
rNeg     . . .     Spirit   .   c - +0 robe
rPois    .         Reflect  .   (no helmet)
rElec    .         Harm     .   (no cloak)
rCorr    .         Rampage  .   (no gloves)
Will     .....                  (no boots)
Stlth    ++........             (no amulet)
HPRegen  0.04/turn              d - +6 ring of strength
MPRegen  0.10/turn              (no ring)

@: very slightly contaminated
A: fangs 1, strong nose, distributed training
a: no special abilities


You were on level 1 of the Dungeon.
You visited 1 branch of the dungeon, and saw 1 of its levels.

You collected 12 gold pieces.

Inventory:

Hand Weapons
 a - a +0 dagger (weapon)
Missiles
 b - 10 poisoned darts (quivered)
Armour
 c - a +0 robe (worn)
Jewellery
 d - a +6 ring of strength (left hand)


   Skills:
 + Level 0.1 Fighting
 + Level 0.1 Short Blades
 + Level 0.1 Long Blades
 + Level 0.1 Axes
 + Level 0.1 Maces & Flails
 + Level 0.1 Polearms
 + Level 4.4 Staves
 + Level 0.1 Slings
 + Level 0.1 Bows
 + Level 0.1 Crossbows
 + Level 4.4 Throwing
 + Level 0.1 Armour
 + Level 0.1 Dodging
 + Level 2.2 Stealth
 + Level 0.1 Shields
 + Level 0.1 Unarmed Combat
 + Level 4.9 Spellcasting
 + Level 0.1 Conjurations
 + Level 5.3 Hexes
 + Level 0.1 Summonings
 + Level 0.1 Necromancy
 + Level 0.1 Translocations
 + Level 0.1 Transmutations
 + Level 0.1 Fire Magic
 + Level 0.1 Ice Magic
 + Level 0.1 Air Magic
 + Level 0.1 Earth Magic
 + Level 0.1 Poison Magic
 + Level 0.2 Invocations
 + Level 0.1 Evocations


You had 8 spell levels left.
You knew the following spells:

 Your Spells              Type           Power      Damage    Failure   Level
a - Freeze                Ice            12%        1d4       19%         1

Your spell library contained the following spells:

 Spells                   Type           Power      Damage    Failure   Level
 Corona                   Hex            18%        N/A       2%          1
 Confusing Touch          Hex            17%        N/A       6%          3
 Tukima's Dance           Hex            17%        N/A       6%          3
 Ensorcelled Hibernation  Hex/Ice        20%        N/A       10%         2
 Dazzling Flash           Conj/Hex       20%        N/A       19%         3
 Ozocubu's Armour         Ice            3%         N/A       47%         3


Dungeon Overview and Level Annotations

Branches:
Dungeon (1/15)

Altars:

Shops:
D:1 [


Innate Abilities, Weirdness & Mutations

You have very sharp teeth.
Your uncanny sense of smell can sniff out nearby items.
Your experience applies equally to all skills.


Message History

Casting: Freeze (safe; 19% risk of failure)
Confirm with . or Enter, or press ? or * to list all spells.
Aiming: Freeze (safe; 19% risk of failure)
Press: ? - help, Shift-Dir - straight line, f/p - jackal
Aim: a jackal You miscast Freeze.
Nothing appears to happen.
The jackal barely misses you.
Unknown command.
Casting: Freeze (safe; 19% risk of failure)
Confirm with . or Enter, or press ? or * to list all spells.
Aiming: Freeze (safe; 19% risk of failure)
Press: ? - help, Shift-Dir - straight line, f/p - jackal
Aim: a jackal You miscast Freeze.
Nothing appears to happen.
The jackal misses you. The jackal closely misses you.
Unknown command.
Casting: Freeze (safe; 19% risk of failure)
Confirm with . or Enter, or press ? or * to list all spells.
Aiming: Freeze (safe; 19% risk of failure)
Press: ? - help, Shift-Dir - straight line, f/p - jackal
Aim: a jackal You freeze the jackal.
The jackal is heavily wounded.
The jackal barely misses you.
You miss the jackal.
The jackal is heavily wounded.
The jackal bites you. x2
You barely miss the jackal.
The jackal is heavily wounded.
The jackal closely misses you.
You barely miss the jackal.
The jackal is heavily wounded.
The jackal bites you.
* * * LOW HITPOINT WARNING * * *
You hit the jackal.
The jackal is severely wounded.
The jackal bites you.
* * * LOW HITPOINT WARNING * * *
The jackal bites you but does no damage.
The jackal bites you.
You die...

.......# ###...# ###.##.#
#.....# #)##.# #.....#
###.##.###....#######..
#[.....................
..#....####...#######..
..###### #...# ....#
#...#######.####
..#.#######.....@hhh......
..#...........#######.####
#.###########)# #.# #.#
#.# #.# #.###### #.#
.......# #.# .#####.# #.#
.#


You could see 3 jackals.

Vanquished Creatures
  A giant cockroach (D:1)
  A jackal (D:1)
  A kobold (D:1)
  A quokka (D:1)
4 creatures vanquished.

Notes
Turn   | Place    | Note
-------+----------+-------------------------------------------
     0 | D:1      | MisterFreud the Gnoll Wanderer began the quest for the Orb.
     0 | D:1      | MisterFreud set off with the following items: a +0 dagger,
                  | 10 poisoned darts, a +0 robe; and the following spells
                  | available to memorise: Corona, Confusing Touch, Tukima's
                  | Dance, Ensorcelled Hibernation, Freeze, Dazzling Flash,
                  | Ozocubu's Armour
     0 | D:1      | Reached XP level 1. HP: 13/13 MP: 6/6
   302 | D:1      | Learned a level 1 spell: Freeze
   586 | D:1      | Found Inies's Antique Armour Boutique.
   631 | D:1      | Slain by a jackal

Illustrated notes

Levels and vault maps discovered:
D:1:      nzn_arrival_crosshair, layout_loops_ring, serial_shops,
          nicolae_shop_crystal, nicolae_shop_overgrown_old_shop,
          nicolae_square_shop, shop

Action                   || total
-------------------------++-------
Melee: Dagger            ||    39
       Bite              ||     2
 Cast: Freeze            ||     5
Armor: Robe              ||    16
Dodge: Dodged            ||    21
